 Dungeon Crawl Stone Soup version 0.27.1-1-g398f81649c (webtiles) character file.

Game seed: 7331245847776766543

84 MajorAdolf the Skirmisher (level 4, -2/42 HPs)
             Began as a Naga Wanderer on Sept 5, 2021.
             Slain by a kobold (4 damage)
             ... on level 2 of the Dungeon.
             The game lasted 00:06:22 (2197 turns).

MajorAdolf the Skirmisher (Naga Wanderer)           Turns: 2197, Time: 00:06:22

Health: -2/42      AC:  2    Str: 15    XL:     4   Next: 45%
Magic:  4/4        EV:  9    Int: 13    God:
Gold:   45         SH:  0    Dex: 10    Spells: 2/3 levels left

rFire    . . .     SeeInvis +   k - +0 long sword
rCold    . . .     Faith    .   (no shield)
rNeg     . . .     Spirit   .   e - +0 robe
rPois    +         Reflect  .   (no helmet)
rElec    .         Harm     .   (no cloak)
rCorr    .         Rampage  .   (no gloves)
Will     .....                  (no barding)
Stlth    ++........             (no amulet)
HPRegen  0.14/turn              (no ring)
MPRegen  0.09/turn              (no ring)

@: very slow
A: AC +1, large, see invisible, deformed body, poison resistance, slowness 2,
spit poison 1, naga tail 1
a: Spit Poison


You were on level 2 of the Dungeon.
You visited 1 branch of the dungeon, and saw 2 of its levels.

You collected 45 gold pieces.

Inventory:

Hand Weapons
 a - a +2 hand axe
 k - a +0 long sword (weapon)
Missiles
 d - 20 stones
 f - 18 sling bullets
 g - 15 poisoned darts (quivered)
Armour
 c - a +0 ring mail
 e - a +0 robe (worn)
Scrolls
 b - a scroll of teleportation
 i - a scroll of magic mapping {unknown}
 l - a scroll of acquirement {unknown}
Potions
 h - 2 potions of magic
 j - a potion of curing {unknown}


   Skills:
 - Level 3.2 Fighting
 - Level 3.0 Axes
 - Level 2.4 Armour
 - Level 2.0 Stealth
 - Level 1.0 Shields
 + Level 1.9 Conjurations
 + Level 1.8 Fire Magic


You had 2 spell levels left.
You knew the following spells:

 Your Spells              Type           Power      Damage    Failure   Level
a - Foxfire               Conj/Fire      16%        2x1d4     14%         1

Your spell library contained the following spells:

 Spells                   Type           Power      Damage    Failure   Level
 Animate Skeleton         Necr           0%         N/A       30%         1
 Pain                     Necr           0%         1d4       30%         1
 Passwall                 Tmut/Erth      0%         N/A       43%         2
 Conjure Flame            Conj/Fire      4%         6-21      41%         3
 Inner Flame              Hex/Fire       2%         N/A       54%         3
 Swiftness                Air            0%         N/A       67%         3
 Vampiric Draining        Necr           0%         2d6       67%         3
 Invisibility             Hex            0%         N/A       100%        6


Dungeon Overview and Level Annotations

Branches:
Dungeon (2/15)

Altars:


Innate Abilities, Weirdness & Mutations

Your serpentine skin is tough. (AC +1)
You have supernaturally acute eyesight. (SInv)
Armour fits poorly on your strangely shaped body.
Your system is resistant to poisons. (rPois)
You cover ground very slowly.
You can spit poison.
You have a snake-like lower body.


Message History

You are very lightly contaminated with residual magic.
Nothing appears to happen.
The kobold barely misses you.
Unknown command.
You closely miss the kobold. You barely miss the kobold.
The kobold barely misses you.
You riposte.
You barely miss the kobold.
The kobold hits you with a +0 short sword.
* * * LOW HITPOINT WARNING * * *
The kobold completely misses you.
Unknown command.
Okay, then.
Okay, then.
Found a stone staircase leading down.
The kobold closely misses you.
Found 15 stones.
An adder comes into view.
Found a scroll of teleportation.
The kobold throws a stone.
The stone hits you but does no damage.
Your magical contamination has completely faded away.
Found an escape hatch in the ceiling.
The adder hisses angrily.
Press: ? - help, Shift-Dir - straight line, f - kobold
Aim: a kobold, wielding a +0 short sword and quivering stones The splash of poison hits the kobold!
The kobold is poisoned.
You kill the kobold!
Unknown command.
You closely miss the kobold. The kobold hits you but does no damage.
The kobold hits you with a +0 short sword.
* * * LOW HITPOINT WARNING * * *
Unknown command.
You barely miss the kobold. The adder barely misses you.
You riposte.
You slash the adder!
The adder is almost dead.
The kobold barely misses you. The adder bites you.
* * * LOW HITPOINT WARNING * * *
Unknown command.
Okay, then.
It was a potion of magic.
Magic courses through your body.
You have got your breath back.
The kobold hits you with a +0 short sword.
You die...

#.......#..> #. ###....#..#.# .
.. #. #...†.......#.# #.# #.#. ##
##†###..#..#..... .....#. #.#
#..# #.......#.#># #.#.#.
#.###..###...#.............#. ##
###.#.†.....#....##.#.#.#.#.#.
#.##.....#...###K####............
.....#.#...#.# #@# ##.#.#.#)##..
###...###....# #S# #...........#
##.######..# ... .#.#.#.#.#...
#...........(... ............#
#.#####..##.......####.†...#..
#.# #..#..............)..... #.#
#....?...####...#.### #.#
#......<.# #...#.# #.#
####.†.#.##


You could see an adder and a kobold.

Vanquished Creatures
  Terence (D:2)
  An adder (D:2)
  2 dart slugs (D:2)
  An endoplasm (D:1)
  A giant cockroach (D:1)
  6 goblins
  5 hobgoblins
  8 kobolds
  3 quokkas
  3 ball pythons
  5 bats
  3 frilled lizards (D:2)
  6 rats
45 creatures vanquished.

Vanquished Creatures (others)
  44 foxfires (D:2)
44 creatures vanquished.

Grand Total: 89 creatures vanquished

Notes
Turn   | Place    | Note
-------+----------+-------------------------------------------
     0 | D:1      | MajorAdolf the Naga Wanderer began the quest for the Orb.
     0 | D:1      | MajorAdolf set off with the following items: a +2 hand axe,
                  | a scroll of teleportation, a +0 ring mail
     0 | D:1      | Reached XP level 1. HP: 19/19 MP: 1/1
   104 | D:1      | Reached XP level 2. HP: 21/27 MP: 2/2
   928 | D:1      | Learned a level 1 spell: Foxfire
  1071 | D:2      | Reached XP level 3. HP: 34/34 MP: 3/3
  1909 | D:2      | Reached skill level 1 in Conjurations
  1909 | D:2      | Reached skill level 1 in Fire Magic
  1926 | D:2      | Noticed Terence
  1938 | D:2      | Killed Terence
  1939 | D:2      | Reached XP level 4. HP: 21/42 MP: 4/4
  2196 | D:2      | HP: 2/42 [adder (4)]
  2197 | D:2      | Slain by a kobold

Illustrated notes

Levels and vault maps discovered:
D:1:      giann_horns, layout_basic
D:2:      layout_loops_ring, st_stairs_9, minmay_tromino_mix6, uniq_terence

Skill      XL: |  1  2  3 |
---------------+----------+-----
Fighting       | 3 |  3.2
Stealth        | 2 |  2.0
Conjurations   | 1 |  1.9
Fire Magic     | 1 |  1.8
Axes           | |  3.0
Armour         | |  2.4
Shields        | |  1.0

Action                   |  1- 3 |  4- 6 || total
-------------------------+-------+-------++-------
Melee: Hand axe          |    33 |       ||    33
       Long sword        |       |     8 ||     8
Throw: Stone             |     8 |       ||     8
       Dart              |     8 |       ||     8
 Cast: Foxfire           |    18 |     7 ||    25
 Abil: Spit Poison       |    21 |     3 ||    24
  Use: Potion            |       |     1 ||     1
Armor: Ring mail         |     2 |       ||     2
       Robe              |    18 |     4 ||    22
Dodge: Dodged            |    24 |    20 ||    44
       Rpst.: Long sword |     1 |     6 ||     7
